 Dungeon Crawl Stone Soup version 0.31-a0-236-g9a0961fb85 (webtiles) character file.

Game seed: 8191743773571108015

16 qw the Shooter (level 2, 0/24 HPs)
             Began as a Minotaur Hexslinger on July 9, 2023.
             Frozen to death by an endoplasm (5 damage)
             ... on level 2 of the Dungeon.
             The game lasted 00:00:16 (724 turns).

qw the Shooter (Minotaur Hexslinger)                 Turns: 724, Time: 00:00:16

Health: 0/24       AC:  3    Str: 12    XL:     2   Next: 37%
Magic:  2/2        EV: 12    Int: 10    God:
Gold:   96         SH:  0    Dex: 12    Spells: 2/3 levels left

rFire   . . .        Y - +1 sling
rCold   . . .        (no shield)
rNeg    . . .        c - +0 robe
rPois   .            (helmet restricted)
rElec   .            (no cloak)
rCorr   .            f - +0 pair of gloves
SInv    .            (no boots)
Will    .....        (no amulet)
Stlth   +            (no ring)
HPRegen 0.24/turn    (no ring)
MPRegen 0.08/turn

%: no passive effects
@: confused
A: horns 2, retaliatory headbutt
a: no special abilities


You were on level 2 of the Dungeon.
You visited 1 branch of the dungeon, and saw 2 of its levels.

You collected 96 gold pieces.


Innate Abilities, Weirdness & Mutations

You have a pair of horns on your head.
You reflexively headbutt those who attack you in melee.


   Skills:
 - Level 2.0 Fighting
 + Level 3.0 Ranged Weapons
 - Level 2.1 Dodging
 - Level 1.0 Spellcasting
 - Level 2.0 Hexes


You had 2 spell levels left.
You knew the following spells:

 Your Spells              Type           Power      Damage    Failure   Level
a - Slow                  Hex            16%        N/A       16%         1

Your spell library contained the following spells:

 Spells                   Type           Power      Damage    Failure   Level
 Inner Flame              Hex/Fire       2%         N/A       56%         3
 Portal Projectile        Hex/Tloc       4%         N/A       56%         3
 Cause Fear               Hex            2%         N/A       83%         4

Inventory:

Hand Weapons
 Y - a +1 sling (weapon)
Armour
 c - a +0 robe (worn)
 f - a +0 pair of gloves (worn)
Scrolls
 a - a scroll of identify {unknown}
Potions
 b - 2 potions of mutation {unknown}
 d - a potion of resistance {unknown}
 h - a potion of magic {unknown}
 i - a potion of curing {unknown}

Dungeon Overview and Level Annotations

Branches:
Dungeon (2/15)

Altars:

Shops:
D:1 =

Annotations:
D:2 Sigmund


Message History

You kill the quokka! 2 kobolds come into view.
A kobold is wielding a +0 dagger of speed.
The kobold shouts!
The kobold moves out of view.
Enter note:
Enter note: You shoot a sling bullet.
The sling bullet barely misses the kobold.
You shoot a sling bullet.
The sling bullet hits the kobold but does no damage.
Sigmund the Dreaded comes into view.
He is wielding a +0 scythe.
The kobold throws a stone.
The stone hits you but does no damage.
You shoot a sling bullet.
The sling bullet barely misses the kobold.
The sling bullet barely misses Sigmund.
Sigmund shouts!
Sigmund gestures wildly while chanting.
Sigmund flickers and vanishes!
Deactivating autopickup; reactivate with Ctrl-A.
You shoot a sling bullet.
The sling bullet closely misses the kobold.
The kobold throws a stone.
The stone hits you.
An endoplasm comes into view.
You shoot a sling bullet.
The sling bullet closely misses the kobold.
The kobold throws a stone.
The stone hits you.
You shoot a sling bullet. The sling bullet hits the kobold.
You kill the kobold!
You are confused.
A rat comes into view.
The kobold shouts!
Your Fighting skill increases to level 2!
Something hits you! The endoplasm misses you. Something hits you!
The endoplasm hits you but does no damage.
The endoplasm freezes you.
You are frozen.
You die...

.##.#. #. !.#.. ... #
#...##... #.#...#..# .#)....#
..K... #Jr# #@%### #....#
######....## #...##.....####
##### #.#.##........# #...#
#.#...(...###.####### #...#
#..<#.....# #.......# #...#
######..#######......#
#..%###....#..##...........#.#


You could see an endoplasm, a kobold and a rat.

Vanquished Creatures
  2 ball pythons (D:1)
  An endoplasm (D:1)
  3 giant cockroaches
  A kobold (D:2)
  2 quokkas
  3 bats
  A frilled lizard (D:2)
  A rat (D:1)
14 creatures vanquished.

Notes
Turn   | Place    | Note
-------+----------+-------------------------------------------
     0 | D:1      | qw the Minotaur Hexslinger began the quest for the Orb.
     0 | D:1      | Reached XP level 1. HP: 16/16 MP: 1/1
     0 | D:1      | 0 ||| qw: Version: 0.3-a-51-g015441d
     0 | D:1      | 0 ||| qw: Game counter: 4393
     0 | D:1      | 0 ||| qw: Melee chars always use a shield: true
     0 | D:1      | 0 ||| qw: God list: Okawaru
     0 | D:1      | 0 ||| qw: Allow faded altars: false
     0 | D:1      | 0 ||| qw: Do Orc after clearing Dungeon:15 true
     0 | D:1      | 0 ||| qw: Do second Lair branch before Depths: true
     0 | D:1      | 0 ||| qw: Lair rune preference: random
     0 | D:1      | 0 ||| qw: Goals: Normal
     0 | D:1      | 0 ||| PLANNING D:1-11
   165 | D:1      | Found Umpe's Jewellery Shoppe.
   174 | D:1      | 174 ||| SHOPLISTING amulet "Yblehi" {Reflect rF+ Int+3 SH+5
                  | SInv} (599 gold, have 11).
   174 | D:1      | 174 ||| SHOPLISTING amulet of reflection (330 gold, have
                  | 11).
   174 | D:1      | 174 ||| SHOPLISTING amulet of the acrobat (330 gold, have
                  | 11).
   174 | D:1      | 174 ||| SHOPLISTING ring of poison resistance (220 gold,
                  | have 11).
   174 | D:1      | 174 ||| SHOPLISTING ring of resist corrosion (220 gold,
                  | have 11).
   182 | D:1      | Reached skill level 3 in Ranged Weapons
   372 | D:1      | Reached XP level 2. HP: 23/23 MP: 2/2
   539 | D:1      | 539 ||| UPGRADING to +0 pair of gloves.
   544 | D:1      | 544 ||| DROPPING ring of wizardry.
   545 | D:1      | 545 ||| READING scroll labelled ENNEPAWKA.
   549 | D:1      | 549 ||| READING scroll labelled YBEXKU KAVUIWN.
   550 | D:1      | 550 ||| READING scroll labelled VONGYXZEAQE.
   551 | D:1      | 551 ||| DRINKING 2 sedimented golden potions.
   559 | D:1      | 559 ||| DROPPING scroll of poison.
   560 | D:1      | 560 ||| DROPPING potion of ambrosia.
   714 | D:2      | Noticed Sigmund
   723 | D:2      | HP: 5/24 [something (10)]
   724 | D:2      | Frozen to death by an endoplasm

Levels and vault maps discovered:
D:1:      ncdulo_smallfort, layout_basic, serial_shops, shop,
          corexii_hall_statues_deadend
D:2:      layout_basic, minmay_tromino_v4_c, uniq_sigmund

Skill      XL: |  1  2 |
---------------+-------+-----
Ranged Weapons | 3 |  3.0
Fighting       | 2 |  2.0
Dodging        | |  2.1
Spellcasting   | |  1.0
Hexes          | |  2.0

Action                     || total
---------------------------++-------
   Fire: Sling             ||    37
    Use: Scroll            ||     3
         Potion            ||     1
 Armour: Robe              ||     6
  Dodge: Dodged            ||     6

Table legend:
 A = Non-vault XP
 B = Vault XP
 C = Vault XP percentage of total XP
 D = Non-vault monster count
 E = Vault monster count
 F = Vault count percentage of total count
                 A         B        C        D         E       F
            +---------+---------+-------+---------+---------+-------
      Total |      21 |       2 |   8.7 |      13 |       1 |   7.1
            +---------+---------+-------+---------+---------+-------
        D:1 |      15 |       0 |   0.0 |       9 |       0 |   0.0
        D:2 |       6 |       2 |  25.0 |       4 |       1 |  20.0
            +---------+---------+-------+---------+---------+-------
